 Dungeon Crawl Stone Soup version 0.31.0-10-gcf4a605ca0 (webtiles) character file.

Game seed: 13925992658074294711

284 SnakkuSnakku7 the Trooper (level 6, 0/53 HPs)
             Began as a Ghoul Summoner on Jan 26, 2024.
             Slain by an ufetubus (3 damage)
             ... on level 5 of the Dungeon.
             The game lasted 00:02:50 (2808 turns).

SnakkuSnakku7 the Trooper (Ghoul Summoner)          Turns: 2808, Time: 00:02:51

Health: 0/53       AC: 14    Str: 14    XL:     6   Next: 29%
Magic:  8/8        EV:  3    Int: 14    God:
Gold:   219        SH:  0    Dex:  9    Spells: 7/8 levels left

rFire   + .          .
                       - Unarmed
rCold   + . .        (no shield)
rNeg    + + +        s - +0 plate armour
rPois   ∞            (no helmet)
rElec   .            (no cloak)
rCorr   .            (no gloves)
SInv    .            (no boots)
Will    .....        (no amulet) Stlth
                     c - ring of protection from fire
HPRegen 0.00/turn    f - +4 ring of protection
MPRegen 0.11/turn

%: no passive effects
@: inhibited regen
A: claws 1, cold resistance 1, negative energy resistance 3, inhibited
regeneration, torment resistance 2, devour on kill
a: no special abilities


You were on level 5 of the Dungeon.
You visited 1 branch of the dungeon, and saw 5 of its levels.

You collected 219 gold pieces.

Inventory:

Missiles
 e - a throwing net
Armour
 a - a +0 robe
 k - a +0 scale mail
 o - a +0 chain mail
 s - a +0 plate armour (worn)
Jewellery
 c - a ring of protection from fire (left claw)
 f - a +4 ring of protection (right claw)
 j - a ring of see invisible
Scrolls
 g - a scroll of vulnerability {unknown}
 h - a scroll of immolation {unknown}
 l - a scroll of fear {unknown}
 m - a scroll of noise {unknown}
 p - 3 scrolls of identify {unknown}
 r - a scroll of enchant weapon {unknown}
Potions
 b - a potion of magic
 d - a potion of heal wounds {unknown}
 i - 2 potions of haste {unknown}
 n - a potion of enlightenment {unknown}
 q - a potion of berserk rage {unknown}


   Skills:
 + Level 4.5 Fighting
 - Level 1.7 Dodging
 - Level 2.1 Stealth
 + Level 4.5 Unarmed Combat
 - Level 1.7 Spellcasting
 - Level 3.6 Summonings


You had 7 spell levels left.
You knew the following spells:

 Your Spells              Type           Power      Damage    Failure   Level
a - Summon Small Mammal   Summ           44%        N/A       100%        1

Your spell library contained the following spells:

 Spells                   Type           Power      Damage    Failure   Level
 Call Imp                 Summ           22%        N/A       100%        2
 Ensorcelled Hibernation  Hex/Ice        2%         N/A       100%        2
 Call Canine Familiar     Summ           11%        N/A       100%        3
 Passwall                 Erth           1%         N/A       100%        3
 Swiftness                Air            1%         N/A       100%        3
 Summon Blazeheart Golem  Fire/Summ      6%         N/A       100%        4
 Summon Lightning Spire   Summ/Air       6%         N/A       100%        4


Dungeon Overview and Level Annotations

Branches:
Dungeon (6/15)
 Temple: D:4-7

Altars:
Makhleb


Innate Abilities, Weirdness & Mutations

You are immune to poison.
You have sharp fingernails.
Your flesh is cold resistant. (rC+)
You are immune to negative energy. (rN+++)
You do not regenerate when monsters are visible.
You are immune to unholy pain and torment.
You thrive by killing the living.


Message History

The iguana is almost dead.
The iguana bites you but does no damage.
The ufetubus hits you but does no damage. x2
Unknown command.
You scratch the iguana but do no damage.
The iguana is almost dead.
The ufetubus completely misses you.
The ufetubus hits you but does no damage.
The iguana barely misses you.
The ufetubus hits you but does no damage. x2
Unknown command.
You scratch the iguana but do no damage.
The iguana is almost dead.
The iguana barely misses you. The ufetubus hits you.
* * * LOW HITPOINT WARNING * * *
The ufetubus hits you but does no damage.
Unknown command.
You scratch the iguana but do no damage.
The iguana is severely wounded.
The ufetubus hits you but does no damage.
The ufetubus barely misses you.
The iguana bites you but does no damage.
The ufetubus hits you but does no damage. x2
You scratch the iguana.
The iguana is almost dead.
The iguana bites you!
* * * LOW HITPOINT WARNING * * *
The ufetubus hits you.
* * * LOW HITPOINT WARNING * * *
The ufetubus hits you but does no damage.
You scratch the iguana.
You kill the iguana!
The ufetubus hits you but does no damage. x2
You closely miss the ufetubus.
The ufetubus is heavily wounded.
The ufetubus hits you but does no damage. x2
The ufetubus barely misses you.
The ufetubus hits you but does no damage.
The ufetubus hits you.
You die...

#############
#.....##.....
#......#.#### ##
#........#... ...
#............ ....
#.####......#...#. ....
#....'..........#.
...#.o######.....######.
.....o5@5........>......
#####.######......######
# #......# #......#
##...#.# #...#.# #...#.#
#...#.# #...#.#


You could see 2 ufetubi and 2 orcs.

Vanquished Creatures
  2 orc wizards (D:5)
  Natasha (twice) (D:2)
  3 iguanas
  4 adders
  10 orcs
  4 ball pythons
  5 bats
  7 endoplasms
  2 giant cockroaches
  5 goblins
  4 hobgoblins
  4 jackals
  3 kobolds
  3 quokkas
  4 frilled lizards
  6 rats
68 creatures vanquished.

Notes
Turn   | Place    | Note
-------+----------+-------------------------------------------
     0 | D:1      | SnakkuSnakku7 the Ghoul Summoner began the quest for the
                  | Orb.
     0 | D:1      | Reached XP level 1. HP: 14/14 MP: 3/3
   347 | D:1      | Reached skill level 1 in Fighting
   347 | D:1      | Reached skill level 1 in Unarmed Combat
   347 | D:1      | Reached XP level 2. HP: 13/23 MP: 4/4
   789 | D:1      | Reached XP level 3. HP: 27/29 MP: 5/5
  1669 | D:2      | Noticed Natasha
  1675 | D:2      | Killed Natasha
  1676 | D:2      | Reached XP level 4. HP: 21/37 MP: 6/6
  2006 | D:2      | Noticed Natasha
  2016 | D:2      | Killed Natasha
  2109 | D:3      | Found a burning altar of Makhleb.
  2116 | D:3      | Reached XP level 5. HP: 45/45 MP: 7/7
  2594 | D:3      | You fall into a shaft and drop 3 floors!
  2599 | D:5      | Entered Level 5 of the Dungeon
  2695 | D:5      | Reached XP level 6. HP: 41/52 MP: 8/8
  2808 | D:5      | Slain by an ufetubus

Illustrated notes

Levels and vault maps discovered:
D:1:      minmay_arrival_loop, layout_basic
D:2:      layout_basic, kennysheep_generic_room_3, uniq_natasha
D:3:      layout_basic, mainiacjoe_overflow_cross_hatched
D:5:      layout_basic
D:6:      layout_basic

Skill      XL: |  1  2  3  4  5 |
---------------+----------------+-----
Fighting       | 1 2 3 4 |  4.5
Unarmed Combat | 1 2 3 4 |  4.5
Dodging        | |  1.7
Stealth        | |  2.1
Spellcasting   | |  1.7
Summonings     | |  3.6

Action                     |  1- 3 |  4- 6 || total
---------------------------+-------+-------++-------
  Melee: Unarmed           |   134 |   169 ||   303
         Punch             |     3 |     4 ||     7
   Stab: Sleeping          |     3 |       ||     3
 Armour: Robe              |    61 |       ||    61
         Scale mail        |     2 |    13 ||    15
         Chain mail        |       |    64 ||    64
         Plate armour      |       |   114 ||   114
  Dodge: Dodged            |   101 |    63 ||   164
